 Dungeon Crawl Stone Soup version 0.30-a0-358-g0d69a1922f (webtiles) character file.

Game seed: 14550532849990947923

68 Sweetruy1997 the Chopper (level 4, 0/41 HPs)
             Began as a Hill Orc Monk on Nov 10, 2022.
             Slain by Robin
             ... wielding a +0 club
              (2 damage)
             ... on level 1 of the Dungeon.
             The game lasted 00:04:05 (1555 turns).

Sweetruy1997 the Chopper (Hill Orc Monk)            Turns: 1555, Time: 00:04:05

Health: 0/41       AC:  3    Str: 13    XL:     4   Next: 19%
Magic:  4/4        EV: 12    Int: 10    God:
Gold:   24         SH:  0    Dex: 15    Spells: 3/3 levels left

rFire   . . .      SeeInvis .    a - +0 hand axe
rCold   . . .      Faith    .    b - orb {light}
rNeg    . . .      Spirit   .    d - +0 leather armour
rPois   .          Reflect  .    (no helmet)
rElec   .          Harm     .    (no cloak)
rCorr   .          Rampage  .    (no gloves)
Will    .....                    (no boots)
Stlth   +.........               (no amulet)
HPRegen 0.26/turn                (no ring)
MPRegen 0.09/turn                (no ring)

@: glowing
A: no striking features
a: no special abilities


You were on level 1 of the Dungeon.
You visited 1 branch of the dungeon, and saw 2 of its levels.

You collected 24 gold pieces.

Inventory:

Hand Weapons
 a - a +0 hand axe (weapon)
Armour
 b - an orb of light (worn)
 d - a +0 leather armour (worn)
Scrolls
 f - a scroll of fear {unknown}
 h - a scroll of identify {unknown}
 i - 2 scrolls of poison {unknown}
 k - a scroll of fog {unknown}
 l - a scroll of enchant weapon {unknown}
 m - a scroll of amnesia {unknown}
Potions
 c - a potion of might {unknown}
 e - a potion of lignification {unknown}
 g - a potion of curing {unknown}


   Skills:
 + Level 4.4 Fighting
 + Level 5.0 Axes
 - Level 1.0 Armour
 + Level 2.9 Dodging
 + Level 1.6 Stealth


You had 3 spell levels left.
You didn't know any spells.
Your spell library was empty.

Dungeon Overview and Level Annotations

Branches:
Dungeon (2/15)

Altars:

Shops:
D:1 =

Annotations:
D:1 Robin


Message History

You kill the goblin!
You hit Robin. You barely miss the hobgoblin. You hit the endoplasm.
Robin hits you with a +0 club.
* * * LOW HITPOINT WARNING * * *
The endoplasm freezes you.
You are frozen.
* * * LOW HITPOINT WARNING * * *
The hobgoblin hits you.
* * * LOW HITPOINT WARNING * * *
Your Axes skill increases to level 5!
You hit the endoplasm.
You kill the endoplasm!
You hit Robin. You hit the hobgoblin.
You feel less invigorated.
You feel less confused. Robin closely misses you.
The hobgoblin barely misses you. The hobgoblin attacks as you move away!
The hobgoblin closely misses you.
A goblin comes into view. It is wielding a +0 club.
The hobgoblin no longer looks unusually strong. x2
There is a stone staircase leading up, spattered with blood here.
Robin closely misses you.
You climb upwards.
There is a stone staircase leading down here.
Robin hits you with a +0 club.
* * * LOW HITPOINT WARNING * * *
You see here a hobgoblin corpse.
You hit Robin.
Robin is almost dead.
Robin hits you with a +0 club.
* * * LOW HITPOINT WARNING * * *
You barely miss Robin.
Robin is almost dead.
Robin barely misses you.
You completely miss Robin.
Robin is almost dead.
Robin hits you with a +0 club.
* * * LOW HITPOINT WARNING * * *
You hit Robin but do no damage.
Robin is almost dead.
Robin hits you with a +0 club.
You die...

.......# #..............#
###########################.#
##.......................#
#....†#######################
#.....†..†.....# #.........#
#..............# #.######.##
#..............# #.#...##.#
#####'#############
#.#.#.##.#
................@>#
#.#.#.##.#
#####'####.##.#.g.#
#.#.#.##.# #...# #....#.#.#
#.#.#.##.# ####...#
##.∩.#.#.####.#.#.##.#
.......#
#...##.........#....#
###....#
#.#.##.......#.#.#..# #.#.##
#.#.##.###...)...#..# #.#.#
###...##...#.#...#.#..#
#.#.###....#####.#.(...#.#..#


You could see Robin.

Vanquished Creatures
  3 dart slugs (D:1)
  6 endoplasms
  8 giant cockroaches (D:1)
  11 goblins
  3 hobgoblins (D:1)
  7 jackals (D:1)
  5 ball pythons (D:1)
  2 bats (D:1)
  A kobold (D:1)
  9 rats
55 creatures vanquished.

Notes
Turn   | Place    | Note
-------+----------+-------------------------------------------
     0 | D:1      | Sweetruy1997 the Hill Orc Monk began the quest for the Orb.
     0 | D:1      | Reached XP level 1. HP: 19/19 MP: 1/1
     1 | D:1      | Found a runed translucent door.
    68 | D:1      | Reached XP level 2. HP: 24/27 MP: 2/2
   319 | D:1      | Reached XP level 3. HP: 26/33 MP: 3/3
   363 | D:1      | Reached skill level 1 in Armour
   540 | D:1      | Found Siptehuje's Jewellery Shop.
  1406 | D:2      | Noticed Robin
  1419 | D:1      | Reached XP level 4. HP: 27/41 MP: 4/4
  1543 | D:2      | Reached skill level 5 in Axes
  1554 | D:1      | HP: 2/41 [Robin/+0 club (2)]
  1555 | D:1      | Slain by Robin

Illustrated notes

Levels and vault maps discovered:
D:1:      dpeg_arrival_caged_fury, layout_basic, serial_shops,
          nicolae_shop_stone, hangedman_decor_clover_reticule,
          minmay_worlds_worst_comb
D:2:      layout_rooms, serial_bayou_ford_a, hangedman_decor_growths,
          kennysheep_path_1, serial_bayou_pond_d, minmay_tromino_v4_c,
          uniq_robin

Skill      XL: |  1  2  3  4 |
---------------+-------------+-----
Fighting       | 4 |  4.4
Armour         | 1 |  1.0
Axes           | 5 |  5.0
Dodging        | |  2.9
Stealth        | |  1.6

Action                   |  1- 3 |  4- 6 || total
-------------------------+-------+-------++-------
Melee: Hand axe          |   111 |    14 ||   125
  Use: Potion            |     1 |     1 ||     2
Armor: Leather armour    |    32 |     4 ||    36
       Robe              |     2 |       ||     2
Dodge: Dodged            |    99 |    25 ||   124

Table legend: (Time is in decaauts)
 A = Elapsed time spent in this place.
 B = Non-inter-level travel time spent in this place.
 C = Inter-level travel time spent in this place.
 D = Time resting spent in this place.
 E = Time spent auto-exploring this place.
 F = Levels seen in this place.
 G = Mean time per level.
                   A        B        C        D        E       F      G
               +--------+--------+--------+--------+--------+-----+--------+
         Total |   1565 |   1497 |     68 |    257 |    949 |   2 |  782.5 |
       Dungeon |   1565 |   1497 |     68 |    257 |    949 |   2 |  782.5 |
               +--------+--------+--------+--------+--------+-----+--------+

Top non-repeatable levels by time:
     D:1: 1515 daAuts
     D:2: 49 daAuts
